 Dungeon Crawl Stone Soup version 0.29.1-15-g9cfb28693d (webtiles) character file.

Game seed: 16484233980512259909

7866 Smoke131 the Fighter (level 11, -2/117 HPs)
             Began as an Ogre Berserker on Mar 5, 2023.
             Was an Elder of Trog.
             Killed from afar by an electric eel (11 damage)
             ... with a bolt of electricity
             ... on level 10 of the Dungeon.
             The game lasted 00:29:32 (14316 turns).

Smoke131 the Fighter (Ogre Berserker)              Turns: 14316, Time: 00:29:33

Health: -2/117     AC: 10    Str: 27    XL:     11   Next: 21%
Magic:  11/11      EV:  8    Int:  8    God:    Trog [****..]
Gold:   1404       SH: 12    Dex:  8    Spells: 10/10 levels left

rFire   + . .      SeeInvis .   h - +2 whip (flame)
rCold   + + .      Faith    .   l - +4 kite shield
rNeg    . . .      Spirit   .   E - +0 troll leather armour
rPois   .          Reflect  .   (helmet restricted)
rElec   .          Harm     .   m - scarf {rC+ rF+}
rCorr   .          Rampage  .   (gloves unavailable)
Will    +....                   (boots unavailable)
Stlth   +.........              F - amulet of magic regeneration
HPRegen 1.09/turn               c - +4 ring of protection
MPRegen 0.52/turn               A - ring of protection from cold

@: no status effects
A: large, unfitting armour, tough skin 1
a: Renounce Religion, Berserk, Trog's Hand, Brothers in Arms


You were on level 10 of the Dungeon.
You worshipped Trog.
Trog was greatly pleased with you.
You visited 1 branch of the dungeon, and saw 10 of its levels.

You collected 1422 gold pieces.
You spent 18 gold pieces at shops.

Inventory:

Hand Weapons
 h - a +2 whip of flaming (weapon)
 t - a +0 giant spiked club
Missiles
 f - 95 stones
 n - 2 datura-tipped darts
 o - 19 poisoned darts (quivered)
 v - 10 boomerangs
 y - 7 atropa-tipped darts
Armour
 l - a +4 kite shield (worn)
 m - a scarf of resistance (worn)
 E - a +0 troll leather armour (worn)
Jewellery
 c - a +4 ring of protection (left hand)
 A - a ring of protection from cold (right hand)
 F - an amulet of magic regeneration (around neck)
 H - an amulet of the acrobat
Wands
 a - a wand of polymorph (14)
 u - a wand of paralysis (3)
Scrolls
 d - 3 scrolls of blinking
 i - a scroll of enchant weapon
 j - 2 scrolls of teleportation
 k - 4 scrolls of vulnerability {unknown}
 p - 2 scrolls of amnesia {unknown}
 r - a scroll of immolation
 s - a scroll of poison {unknown}
 x - 2 scrolls of summoning {unknown}
 B - a scroll of magic mapping {unknown}
Potions
 b - a potion of might {unknown}
 e - a potion of invisibility
 g - 3 potions of lignification
 q - 2 potions of attraction
 w - 2 potions of ambrosia
 z - a potion of flight {unknown}
 C - a potion of cancellation {unknown}
 D - a potion of haste
 G - a potion of brilliance {unknown}


   Skills:
 - Level 10.0 Fighting
 + Level 7.8 Maces & Flails
 + Level 7.9 Throwing
 + Level 6.6 Armour
 - Level 3.0 Dodging
 + Level 7.0 Shields


You had 10 spell levels left.
You didn't know any spells.
Your spell library was empty.

Dungeon Overview and Level Annotations

Branches:
Dungeon (10/15)            Temple (0/1) D:4
   Lair: D:8-11         Orc: D:9-12

Altars:
Cheibriados
Dithmenos
Nemelex Xobeh
Sif Muna
Wu Jian

Shops:
D:1 =   D:2 (   D:5 [   D:8 (


Innate Abilities, Weirdness & Mutations

You are too large for most types of armour.
You have tough skin. (AC +1)


Message History

The electric eel shoots out a bolt of lightning at you!
The bolt of electricity hits you. The bolt of electricity hits you!
The bolt of electricity hits the electric eel.
The electric eel completely resists.
The electric eel shoots out a bolt of lightning at you!
The bolt of electricity hits the electric eel.
The electric eel completely resists.
The bolt of electricity hits you. The bolt of electricity hits you!
The electric eel shoots out a bolt of lightning at you!
The bolt of electricity hits you!
An electric eel comes into view.
Aiming: Paralyse
Press: ? - help, Shift-Dir - straight line, f - electric eel
Aim: an electric eel (wandering, hasn't noticed you, chance to affect: 57%)
The electric eel resists with significant effort.
The electric eel shoots out a bolt of lightning at you!
The bolt of electricity hits you!
The electric eel shoots out a bolt of lightning at you!
The bolt of electricity hits you!
* * * LOW HITPOINT WARNING * * *
A wyvern comes into view.
Aiming: Paralyse
Press: ? - help, Shift-Dir - straight line, f/p - electric eel
Aim: an electric eel (chance to affect: 57%)
The electric eel suddenly stops moving!
The wyvern hisses angrily.
The electric eel shoots out a bolt of lightning at you!
The bolt of electricity hits you!
* * * LOW HITPOINT WARNING * * *
The electric eel shoots out a bolt of lightning at you!
The bolt of electricity hits you!
* * * LOW HITPOINT WARNING * * *
The bolt of electricity hits you!
* * * LOW HITPOINT WARNING * * *
The electric eel shoots out a bolt of lightning at you!
The bolt of electricity hits you.
* * * LOW HITPOINT WARNING * * *
The electric eel shoots out a bolt of lightning at you!
The bolt of electricity hits you!
You die...

~ ###############
>~~~.............
~~~~~####@#.#
~~~~~~....#.# ~
~~~~~~S.#.#.# ~
~~~~~~~~#.#.#### .
~~~~~~~~S......##
~~~~~~l~~S#.##..#
~~~~~~~~~.#.###.###
~~~~~~~~###.# #...#
~~~~~~~.# #.#
###.##


You could see a wyvern and 3 electric eels.

Vanquished Creatures
  Erolcha (D:9)
  A two-headed ogre (D:8)
  Pikel (D:6)
  A kobold demonologist (D:9)
  2 trolls
  Prince Ribbit (D:7)
  A wyvern (D:9)
  11 yaks
  A steam dragon (D:8)
  2 orc warriors
  2 black bears
  2 ice beasts
  3 ogres
  2 sky beasts
  4 centaurs
  A lemure (D:6)
  3 kobold brigands
  2 necrophages (D:5)
  A bullfrog (D:8)
  2 scorpions (D:5)
  4 wights
  10 killer bees
  2 electric eels (D:10)
  4 howler monkeys
  4 hounds
  5 orc priests
  3 jellies
  3 iguanas
  5 orc wizards
  4 gnolls (D:2)
  4 adders
  2 shadow imps
  7 white imps
  An ufetubus (D:6)
  2 worms
  2 dart slugs
  35 orcs
  5 bats
  9 endoplasms
  7 giant cockroaches
  7 goblins
  9 hobgoblins
  2 jackals (D:2)
  A quokka (D:1)
  9 ball pythons
  5 frilled lizards
  19 kobolds
  3 rats
217 creatures vanquished.

Vanquished Creatures (others)
  A fungus (D:1)
  2 plants (D:3)
3 creatures vanquished.

Grand Total: 220 creatures vanquished

Notes
Turn   | Place    | Note
-------+----------+-------------------------------------------
     0 | D:1      | Smoke131 the Ogre Berserker began the quest for the Orb.
     0 | D:1      | Reached XP level 1. HP: 24/24 MP: 1/1
   113 | D:1      | Reached XP level 2. HP: 24/32 MP: 2/2
   465 | D:1      | Found a faded altar of an unknown god.
   509 | D:1      | Found Tovvothruokk's Jewellery Emporium.
   624 | D:1      | Reached XP level 3. HP: 38/40 MP: 3/3
   650 | D:1      | Reached ** piety under Trog
   651 | D:1      | Reached skill level 1 in Throwing
  1186 | D:2      | Found Alleleuh's Weapon Boutique.
  1254 | D:2      | Reached skill level 1 in Armour
  1673 | D:2      | Reached XP level 4. HP: 45/49 MP: 4/4
  2836 | D:3      | Reached skill level 5 in Fighting
  2836 | D:3      | Reached XP level 5. HP: 57/57 MP: 5/5
  3424 | D:3      | Reached *** piety under Trog
  3724 | D:4      | Identified a scroll of acquirement
  3724 | D:4      | Acquired 997 gold pieces
  3775 | D:4      | Found a staircase to the Ecumenical Temple.
  3789 | D:4      | Reached XP level 6. HP: 48/66 MP: 6/6
  4296 | D:4      | Reached skill level 6 in Fighting
  4296 | D:4      | Reached XP level 7. HP: 58/75 MP: 7/7
  4748 | D:5      | Entered Level 5 of the Dungeon
  4930 | D:5      | Reached skill level 1 in Shields
  5626 | D:5      | Reached XP level 8. HP: 48/79 MP: 8/8
  5838 | D:5      | Found Exaddaf's Antique Armour Emporium.
  6045 | D:5      | Reached skill level 7 in Fighting
  6448 | D:5      | Reached skill level 5 in Maces & Flails
  7844 | D:7      | Noticed Pikel
  7876 | D:6      | Killed Pikel
  7877 | D:6      | Reached skill level 8 in Fighting
  7877 | D:6      | Reached skill level 5 in Throwing
  7877 | D:6      | Reached XP level 9. HP: 27/96 MP: 9/9
  8159 | D:7      | Found a shimmering blue altar of Sif Muna.
  8373 | D:7      | Noticed a troll
  8394 | D:7      | Killed a troll
  8752 | D:7      | Noticed Prince Ribbit
  8884 | D:7      | Killed Prince Ribbit
 10282 | D:8      | Identified the +6 rapier of Lust {holy, rElec rPois rC+}
 10333 | D:8      | Reached skill level 9 in Fighting
 10408 | D:8      | Noticed a two-headed ogre
 10437 | D:8      | Killed a two-headed ogre
 10438 | D:8      | Reached skill level 5 in Armour
 10438 | D:8      | Reached skill level 5 in Shields
 10438 | D:8      | Reached XP level 10. HP: 107/107 MP: 10/10
 10509 | D:8      | Found an ornate altar of the Wu Jian Council.
 10716 | D:8      | Found Liziomis's Weapon Emporium.
 11034 | D:2      | Bought 3 atropa-tipped darts for 18 gold pieces
 11506 | D:9      | Noticed a kobold demonologist
 11508 | D:9      | Noticed a sun demon
 11840 | D:9      | Killed a kobold demonologist
 12304 | D:9      | Found a snail-covered altar of Cheibriados.
 12390 | D:9      | Reached skill level 10 in Fighting
 12399 | D:9      | Noticed Erolcha
 12779 | D:9      | Reached **** piety under Trog
 12819 | D:9      | Killed Erolcha
 13099 | D:9      | Reached XP level 11. HP: 75/117 MP: 11/11
 13805 | D:10     | Entered Level 10 of the Dungeon
 13822 | D:10     | Found a shadowy altar of Dithmenos.
 14137 | D:10     | Found a sparkling altar of Nemelex Xobeh.
 14316 | D:10     | Killed from afar by an electric eel

Illustrated notes

Levels and vault maps discovered:
D:1:      roderic_octagonal_star, layout_rooms, serial_shops, shop,
          shapermc_ecumenical_altar_petra, serial_bayou_pond_e,
          minmay_misc_feat_secret_circle, serial_bayou_pond_c
D:2:      layout_basic, serial_co_window_serial, co_window_cross_1,
          co_window_paths_a, co_window_paths_b, co_window_of_opportunity_a,
          co_window_paths_b, co_window_paths_a, co_window_of_opportunity_a,
          co_window_corner_b, co_window_2corner, co_window_corner_b,
          co_window_cross_2, co_window_broadway_a, glass_columns_a,
          glass_columns_a, glass_columns_a, glass_columns_a, serial_shops,
          nicolae_diamond_shop, chequers_avenue
D:3:      layout_basic, serial_bayou_ford_a, kennysheep_flooded_box
D:4:      layout_layer_cave, minmay_temple_entry_mini_moons, st_stairs_13
D:5:      layout_loops_ring, serial_shops, nicolae_shop_advertising_works
          [nicolae_subvault_shop_adworks]
D:6:      layout_cave_pods
D:7:      layout_cave_pools, led_sif_pool, kennysheep_generic_room_10,
          uniq_pikel, uniq_prince_ribbit1
D:8:      layout_basic, nzn_wu_jian_council_hall, serial_shops, shop
D:9:      layout_loops_cross, cheibrodos_worm_habitat, uniq_erolcha
D:10:     layout_basic, nemelex_xobeh_ov_fountains_minmay,
          mainiacjoe_overflow_six_doors_small, demons_altar,
          grunt_dithmenos_smoke

Skill      XL: |  1  2  3  4  5  6  7  8  9 10 11 |
---------------+----------------------------------+-----
Throwing       | 1 2 3 5 6 7 |  7.9
Dodging        | 3 |  3.0
Maces & Flails | 3 4 5 6 7 |  7.8
Armour         | 1 2 3 4 5 6 |  6.6
Fighting       | 5 6 8 9 10 | 10.0
Shields        | 1 3 5 6 7 |  7.0

Action                   |  1- 3 |  4- 6 |  7- 9 | 10-12 || total
-------------------------+-------+-------+-------+-------++-------
Melee: Mace              |   150 |   171 |   234 |       ||   555
       Punch             |     5 |       |       |       ||     5
       Giant spiked club |       |       |     9 |       ||     9
       Whip              |       |       |   155 |   339 ||   494
Throw: Dart              |       |       |    18 |     3 ||    21
       Boomerang         |       |       |    12 |     7 ||    19
Invok: Berserk           |       |     5 |     6 |     7 ||    18
       Trog's Hand       |       |       |     1 |     2 ||     3
Evoke: Wand              |       |       |       |     3 ||     3
  Use: Scroll            |       |     9 |     8 |     2 ||    19
       Potion            |       |       |     4 |       ||     4
Armor: Animal skin       |    89 |    70 |   112 |    44 ||   315
       Troll leather arm |       |       |       |    11 ||    11
Dodge: Dodged            |    99 |    94 |   121 |    81 ||   395
Block: Kite shield       |       |       |   158 |   171 ||   329
